 Seeded DCSS version 0.30-a0-924-g0ad0bf95bc (webtiles) character file.

Game seed: 3125986916090331667 (custom seed)

5904 Parcival the Basher (level 10, -3/88 HPs)
             Began as a Minotaur Fighter on Mar 22, 2023.
             Was a Priest of Makhleb.
             Slain by a manticore (9 damage)
             ... on level 12 of the Dungeon.
             The game lasted 00:16:54 (7852 turns).

Parcival the Basher (Minotaur Fighter)              Turns: 7852, Time: 00:16:55

Health: -3/88      AC: 15    Str: 39    XL:     10   Next: 53%
Magic:  0/9        EV: 10    Int: 11    God:    Makhleb [***...]
Gold:   391        SH:  5    Dex:  9    Spells: 9/9 levels left

rFire   + + .      SeeInvis .    p - +3 morningstar of a wizard's laboratory {chaos, rF++}
rCold   + . .      Faith    .    l - +0 buckler of the Shining One's Hope {rC+}
rNeg    . . .      Spirit   +    u - +1 chain mail of Supple Strength {Harm Str+3}
rPois   .          Reflect  .    (helmet restricted)
rElec   .          Rampage  .    q - +1 cloak
rCorr   .          Harm     + .  (no gloves)
Will    +....                    (no boots) Stlth
                                 t - amulet of guardian spirit
HPRegen 0.34/turn                e - ring of Disaster {Will+ Str+4 Int+6}
MPRegen 0.11/turn                g - +6 ring of strength

@: about to teleport, spiked
A: horns 2, retaliatory headbutt
a: Renounce Religion, Minor Destruction, Lesser Servant of Makhleb


You were on level 12 of the Dungeon.
You worshipped Makhleb.
Makhleb was most pleased with you.
You visited 2 branches of the dungeon, and saw 11 of its levels.

You collected 391 gold pieces.

Inventory:

Hand Weapons
 a - a +1 war axe of protection
 p - the +3 morningstar of a wizard's laboratory (weapon) {chaos, rF++}
   (You acquired it on level 2 of the Dungeon)

   rF:        It greatly protects you from fire.
Armour
 b - a +0 scale mail
 c - a +0 buckler
 l - the +0 buckler of the Shining One's Hope (worn) {rC+}
   (You acquired it on level 4 of the Dungeon)

   rC:        It protects you from cold.
 q - a +1 cloak (worn)
 u - the +1 chain mail of Supple Strength (worn) {Harm Str+3}
   (You found it on level 3 of the Dungeon)

   Str:       It affects your strength (+3).
   Harm:      It increases damage dealt and taken.
Jewellery
 e - the ring of Disaster (left hand) {Will+ Str+4 Int+6}
   (You acquired it on level 1 of the Dungeon)

   [ring of intelligence]

   Str:       It affects your strength (+4).
   Int:       It affects your intelligence (+6).
   Will:      It increases your willpower.
 f - an amulet of magic regeneration
 g - a +6 ring of strength (right hand)
 k - an amulet of reflection
 t - an amulet of guardian spirit (around neck)
 v - a ring of wizardry
 y - a ring of magical power
Wands
 r - a wand of flame (13)
Scrolls
 h - a scroll of poison {unknown}
 i - 2 scrolls of teleportation
 s - a scroll of enchant weapon
 z - a scroll of brand weapon
Potions
 d - 2 potions of might
 j - 3 potions of degeneration
 m - a potion of ambrosia
 n - a potion of lignification
 o - a potion of heal wounds
 w - 2 potions of attraction
 x - a potion of cancellation
 A - 2 potions of haste {unknown}
Miscellaneous
 B - a condenser vane


   Skills:
 + Level 8.1 Fighting
 + Level 4.1(8.7) Axes
 + Level 11.8(12.1) Maces & Flails
 + Level 10.4 Armour
 + Level 3.6 Dodging
 + Level 0.3 Stealth
 + Level 7.4 Shields


You had 9 spell levels left.
You didn't know any spells.
Your spell library contained the following spells:

 Spells                   Type           Power      Damage    Failure   Level
 Sandblast                Erth           0%         2d4       78%         1
 Summon Small Mammal      Summ           0%         N/A       78%         1
 Ensorcelled Hibernation  Hex/Ice        0%         N/A       89%         2
 Passwall                 Tmut/Erth      0%         N/A       89%         2
 Sublimation of Blood     Necr           0%         N/A       89%         2
 Call Canine Familiar     Summ           0%         N/A       98%         3
 Inner Flame              Hex/Fire       0%         N/A       98%         3
 Portal Projectile        Hex/Tloc       0%         N/A       98%         3
 Stone Arrow              Conj/Erth      0%         3d7       98%         3
 Summon Guardian Golem    Hex/Summ       0%         N/A       98%         3
 Swiftness                Air            0%         N/A       98%         3
 Flame Wave               Conj/Fire      0%         2d4       100%        4
 Leda's Liquefaction      Hex/Erth       0%         N/A       100%        4
 Petrify                  Tmut/Erth      0%         N/A       100%        4
 Sticky Flame             Conj/Fire      0%         2d3       100%        4
 Irradiate                Conj/Tmut      0%         3d11      100%        5


Dungeon Overview and Level Annotations

Branches:
Dungeon (9/15)             Temple (1/1) D:5
   Lair: D:8-11         Orc: D:9-12

Altars:
Ashenzari
Cheibriados
Dithmenos
Elyvilon
Fedhas
Gozag
Hepliaklqana
Kikubaaqudgha
Makhleb
Nemelex Xobeh
Okawaru
Qazlal
Ru
Sif Muna
Trog
Uskayaw
Vehumet
Wu Jian
Xom
Yredelemnul
Zin
The Shining One

Shops:
D:3 :   D:5 (**?   D:7 :

Annotations:
Abyss:1 Crazy Yiuf


Innate Abilities, Weirdness & Mutations

You have a pair of horns on your head.
You reflexively headbutt those who attack you in melee.


Message History

There is an open door here.
You open the door.
A manticore comes into view.
The manticore flicks its tail.
The volley of spikes hits you!
The barbed spikes become lodged in your body.
Found 7 stones.
The barbs in your skin will harm you if you move.
Continue? [Y]es or [N]o only, please.
The barbs in your skin will harm you if you move.
Continue?
Okay, then.
The barbs in your skin will harm you if you move.
Continue?
A cyclops comes into view.
Found 2 potions of cancellation and a helmet.
The barbed spikes dig painfully into your body as you move.
The cyclops shouts!
The manticore flicks its tail.
The volley of spikes hits you.
The barbed spikes become lodged in your body.
The cyclops throws a large rock.
The large rock hits you!!
There is an open door, spattered with blood here.
The barbed spikes dig painfully into your body as you move.
The manticore flicks its tail.
You block the volley of spikes.
The barbed spikes dig painfully into your body as you move.
* * * LOW HITPOINT WARNING * * *
The cyclops throws a large rock.
The large rock misses you.
The manticore flicks its tail.
The volley of spikes hits you but does no damage.
The barbed spikes dig painfully into your body as you move.
* * * LOW HITPOINT WARNING * * *
The manticore bites you!
* * * LOW HITPOINT WARNING * * *
The manticore claws you but does no damage. x2
Okay, then.
As you read the scroll of teleportation, it crumbles to dust.
You feel strangely unstable. The manticore closely misses you.
The manticore claws you but does no damage.
The manticore claws you!
You die...

..#.#.#...#.....#........
..........#.....#........
#.#.#.#...##'####........
.........................
#.....#..................
#.....#..#######'#######.
#.....#..#!............#
#######.###..........C##
..# #.[...@.....# ..##
##....H....## ...
#.........+ ##...(...##
####+####


You could see a manticore and a cyclops.

Vanquished Creatures
  An ogre mage (D:8)
  2 trolls
  A wraith (D:7)
  2 wyverns
  4 vampire mosquitoes (D:12)
  A steam dragon (D:7)
  An acid dragon (D:12)
  4 water moccasins
  4 orc warriors
  2 ice beasts
  An ogre (D:5)
  A sky beast (D:6)
  3 black bears
  3 centaurs
  3 kobold brigands
  3 bullfrogs
  6 scorpions
  5 wights (D:8)
  5 killer bees (D:8)
  A hound (D:6)
  5 jellies
  5 orc priests
  4 iguanas
  A sleepcap (D:4)
  Natasha (thrice) (D:2)
  10 orc wizards
  A gnoll (D:1)
  7 adders
  3 white imps (D:6)
  A worm (D:2)
  2 dart slugs
  31 orcs
  7 endoplasms
  2 giant cockroaches
  5 hobgoblins
  4 jackals (D:4)
  18 kobolds
  3 quokkas
  9 ball pythons
  4 bats
  2 frilled lizards
  9 goblins
  4 rats
193 creatures vanquished.

Vanquished Creatures (others)
  An adder zombie (D:5)
  An orc (D:7)
2 creatures vanquished.

Grand Total: 195 creatures vanquished

Notes
Turn   | Place    | Note
-------+----------+-------------------------------------------
     0 | D:1      | Parcival the Minotaur Fighter began the quest for the Orb.
     0 | D:1      | Reached XP level 1. HP: 19/19 MP: 0/0
    28 | D:1      | Identified a scroll of acquirement
    28 | D:1      | Acquired the ring of Disaster {Will+ Str+4 Int+6}
   261 | D:1      | Reached XP level 2. HP: 22/27 MP: 1/1
   419 | D:1      | HP: 1/27 [gnoll/+0 flail (9)]
   798 | D:1      | Reached XP level 3. HP: 26/33 MP: 2/2
  1448 | D:2      | Noticed Natasha
  1459 | D:2      | Killed Natasha
  1460 | D:2      | Reached XP level 4. HP: 33/41 MP: 3/3
  1675 | D:2      | Noticed Natasha
  1693 | D:2      | Killed Natasha
  1694 | D:2      | Reached skill level 1 in Dodging
  1780 | D:2      | Noticed Natasha
  1790 | D:2      | Killed Natasha
  1791 | D:2      | Reached skill level 5 in Armour
  1791 | D:2      | Reached XP level 5. HP: 39/47 MP: 4/4
  1919 | D:2      | Acquired the +3 morningstar of a wizard's laboratory
                  | {chaos, rF++}
  2201 | D:3      | Found an iron altar of Okawaru.
  2241 | D:3      | Found Digoh's Book Boutique.
  2359 | D:3      | Identified the +1 chain mail of Supple Strength {Harm
                  | Str+3}
  2648 | D:4      | Found a hazy altar of Hepliaklqana.
  2668 | D:4      | Noticed a water moccasin
  2673 | D:4      | Killed a water moccasin
  2674 | D:4      | Reached skill level 1 in Maces & Flails
  2764 | D:4      | Reached XP level 6. HP: 53/53 MP: 5/5
  2766 | D:4      | Reached skill level 2 in Maces & Flails
  2913 | D:4      | Acquired the +0 buckler of the Shining One's Hope {rC+}
  2963 | D:4      | Reached skill level 3 in Maces & Flails
  2984 | D:4      | Reached skill level 4 in Maces & Flails
  2984 | D:4      | Reached XP level 7. HP: 16/60 MP: 1/6
  3270 | D:4      | Reached skill level 5 in Fighting
  3512 | D:5      | Entered Level 5 of the Dungeon
  3516 | D:5      | Found Kuxiet's Assorted Antiques.
  3524 | D:5      | Found Istewn's Weapon Boutique.
  3532 | D:5      | Reached skill level 5 in Maces & Flails
  3716 | D:5      | Found Tuexan's Magic Scroll Boutique.
  3722 | D:5      | Found Keelodoj's General Store.
  3761 | D:5      | Reached skill level 6 in Maces & Flails
  3764 | D:5      | Reached XP level 8. HP: 67/68 MP: 7/7
  3861 | D:5      | Found a staircase to the Ecumenical Temple.
  4086 | D:5      | Reached skill level 7 in Maces & Flails
  4196 | Temple   | Entered the Ecumenical Temple
  4226 | Temple   | Became a worshipper of Makhleb the Destroyer
  4276 | D:6      | Reached skill level 5 in Shields
  4281 | D:6      | HP: 2/70 [scorpion (3)]
  4285 | D:6      | Found an ornate altar of the Wu Jian Council.
  4562 | D:6      | Reached skill level 8 in Maces & Flails
  4717 | D:6      | Reached XP level 9. HP: 75/75 MP: 8/8
  4834 | D:6      | Noticed a troll
  4837 | D:6      | Killed a troll
  4837 | D:6      | Reached * piety under Makhleb
  5136 | D:7      | Reached skill level 9 in Maces & Flails
  5656 | D:7      | Found Jauttyss's Tremendous Tomes.
  5975 | D:7      | Reached skill level 10 in Maces & Flails
  5986 | D:7      | Found a runed translucent door.
  5987 | D:7      | Noticed Crazy Yiuf
  6151 | D:7      | Banished Crazy Yiuf
  6337 | D:8      | Found a transporter.
  6342 | D:8      | Noticed an ogre mage
  6402 | D:8      | Reached ** piety under Makhleb
  6552 | D:8      | Found a sparkling altar of Nemelex Xobeh.
  6603 | D:8      | Found a transporter.
  6739 | D:8      | Reached XP level 10. HP: 42/86 MP: 3/9
  6744 | D:8      | Reached skill level 11 in Maces & Flails
  6955 | D:8      | Found a large runed translucent door.
  6956 | D:8      | Found a large runed translucent door.
  7219 | D:8      | Found a glowing golden altar of the Shining One.
  7273 | D:8      | Found a shimmering altar of Xom.
  7373 | D:8      | Found a shadowy altar of Dithmenos.
  7451 | D:8      | Killed an ogre mage
  7466 | D:8      | Reached skill level 10 in Armour
  7763 | D:9      | You fall into a shaft and drop 3 floors!
  7787 | D:12     | Reached *** piety under Makhleb
  7847 | D:12     | Noticed a manticore
  7848 | D:12     | Noticed a cyclops
  7852 | D:12     | Slain by a manticore

Illustrated notes

Levels and vault maps discovered:
D:1:      amcnicky_arrival_single_pillar, layout_loops_cross,
          hangedman_glass_garden
D:2:      layout_loops_ring, dk_vineyard_1, uniq_natasha
D:3:      layout_basic, mainiacjoe_overflow_catwalk, serial_forest,
          infiniplex_forest_zigzag_1, infiniplex_forest_split,
          infiniplex_forest_end_double, infiniplex_forest_lined_room_,
          infiniplex_forest_corner_1, infiniplex_forest_lined_room_2,
          serial_shops, nicolae_shop_hallway_stairs
D:4:      layout_basic, old_standard_altar
D:5:      layout_rooms, minmay_temple_entry_drinking_statues,
          minmay_shop_grid_forest
D:6:      layout_rooms, lemuel_tele_altar, minmay_microvault
D:7:      layout_basic, minmay_misc_feat_hallway, nicolae_shop_i_like_big_books,
          chequers_serial_rivers_large_a, uniq_crazy_yiuf_cottage
D:8:      gammafunk_beogh_shrine, layout_basic,
          mainiacjoe_overflow_six_doors_small, jmf_multi_god_temple2,
          kennysheep_little_box, serial_curves, eino_curves_01, eino_curves_02
D:9:      layout_roguey, orc_0_dummy
D:12:     nicolae_hexawheel, layout_irregular_city, hangedman_decor_riveting
Temple:   hellmonk_temple_of_storms

Skill      XL: |  1  2  3  4  5  6  7  8  9 10 |
---------------+-------------------------------+-----
Fighting       | 4 5 6 7 8 |  8.1
Armour         | 4 5 6 8 9 10 | 10.4
Axes           | 3 4 |  4.1
Shields        | 4 5 6 7 |  7.4
Dodging        | 1 2 3 |  3.6
Maces & Flails | 1 4 6 8 10 11 | 11.8
Stealth        | |  0.3

Action                     |  1- 3 |  4- 6 |  7- 9 | 10-12 || total
---------------------------+-------+-------+-------+-------++-------
  Melee: War axe           |    70 |    25 |       |       ||    95
         Headbutt          |    10 |     9 |    24 |     8 ||    51
         Morningstar       |       |    59 |   151 |    56 ||   266
    Use: Scroll            |     3 |    10 |     7 |     3 ||    23
         Potion            |       |     1 |     4 |     1 ||     6
 Armour: Scale mail        |    65 |    24 |       |       ||    89
         Chain mail        |       |    38 |   120 |    62 ||   220
  Dodge: Dodged            |    55 |    54 |   138 |    40 ||   287
  Block: Buckler           |    28 |    26 |    65 |    25 ||   144

Table legend: (Time is in decaauts)
 A = Elapsed time spent in this place.
 B = Non-inter-level travel time spent in this place.
 C = Inter-level travel time spent in this place.
 D = Time resting spent in this place.
 E = Time spent auto-exploring this place.
 F = Levels seen in this place.
 G = Mean time per level.
                   A        B        C        D        E       F      G
               +--------+--------+--------+--------+--------+-----+--------+
         Total |   7957 |   7517 |    440 |     25 |   5948 |  11 |  723.4 |
       Dungeon |   7911 |   7477 |    434 |     25 |   5925 |  10 |  791.1 |
        Temple |     45 |     39 |      6 |      0 |     23 |   1 |   45.0 |
               +--------+--------+--------+--------+--------+-----+--------+

Top non-repeatable levels by time:
     D:8: 1432 daAuts
     D:7: 1193 daAuts
     D:1: 1024 daAuts
     D:2: 949 daAuts
     D:4: 916 daAuts
     D:6: 883 daAuts
     D:5: 713 daAuts
     D:3: 685 daAuts
    D:12: 88 daAuts
  Temple: 45 daAuts
     D:9: 24 daAuts
